 Dungeon Crawl Stone Soup version 0.28-a0-43-g560ac104fe (webtiles) character file.

Game seed: 1438314295823220302

3161 Mrcawl the Archer (level 9, -21/45 HPs)
             Began as a Spriggan Hunter on July 28, 2021.
             Was an Elder of Okawaru.
             Shot with an arrow by a centaur warrior (22 damage)
             ... on level 8 of the Dungeon.
             The game lasted 00:13:05 (9013 turns).

Mrcawl the Archer (Spriggan Hunter)                 Turns: 9013, Time: 00:13:06

Health: -21/45     AC:  3    Str:  8    XL:     9   Next: 62%
Magic:  0/13       EV: 19    Int: 13    God:    Okawaru [****..]
Gold:   268        SH:  0    Dex: 18    Spells: 8/8 levels left

rFire   . . .      SeeInvis +   a - +1 shortbow (flame)
rCold   . . .      Faith    .   (shield currently unavailable)
rNeg    . . .      Spirit   +   c - +1 robe
rPois   .          Reflect  .   (helmet restricted)
rElec   .          Harm     .   (no cloak)
rCorr   .          Rampage  .   (gloves unavailable)
Will    +....                   (boots unavailable)
Stlth   ++........              g - amulet of guardian spirit
HPRegen 0.15/turn               (no ring)
MPRegen 0.13/turn               (no ring)

@: very quick
A: very small, no large weapons, unfitting armour, see invisible, speed 3
a: Renounce Religion, Heroism


You were on level 8 of the Dungeon.
You worshipped Okawaru.
Okawaru was greatly pleased with you.
You visited 2 branches of the dungeon, and saw 9 of its levels.

You collected 268 gold pieces.

Inventory:

Hand Weapons
 a - a +1 shortbow of flaming (weapon)
 b - a +0 short sword
Missiles
 d - 59 arrows (quivered ammo)
Armour
 c - a +1 robe (worn)
Jewellery
 g - an amulet of guardian spirit (around neck)
Wands
 h - a wand of flame (2)
Scrolls
 e - 3 scrolls of amnesia
 k - 5 scrolls of identify
 m - 2 scrolls of teleportation
 q - a scroll of brand weapon
 s - a scroll of magic mapping {unknown}
Potions
 f - 3 potions of magic
 i - a potion of heal wounds {unknown}
 j - a potion of ambrosia {unknown}
 l - a potion of degeneration {unknown}
 n - a potion of might {unknown}
 o - a potion of attraction {unknown}
 p - 2 potions of curing
 r - a potion of lignification {unknown}


   Skills:
 + Level 4.1 Fighting
 * Level 13.9 Bows
 + Level 4.0 Dodging
 + Level 2.4 Stealth
 * Level 4.3 Invocations
 + Level 1.0 Evocations


You had 8 spell levels left.
You didn't know any spells.
Your spell library contained the following spells:

 Spells                   Type           Power      Damage    Failure   Level
 Animate Skeleton         Necr           0%         N/A       30%         1
 Magic Dart               Conj           0%         1d3       30%         1
 Pain                     Necr           0%         1d4       30%         1
 Call Imp                 Summ           0%         N/A       43%         2
 Slow                     Hex            0%         N/A       43%         2
 Confusing Touch          Hex            0%         N/A       67%         3
 Mephitic Cloud           Conj/Pois/Air  0%         N/A       67%         3
 Vampiric Draining        Necr           0%         2d6       67%         3
 Agony                    Necr           0%         N/A       100%        5
 Excruciating Wounds      Necr           0%         N/A       100%        5
 Dispersal                Tloc           0%         N/A       100%        6
 Disjunction              Tloc           0%         N/A       100%        8


Dungeon Overview and Level Annotations

Branches:
Dungeon (8/15)             Temple (1/1) D:4            Lair (0/6) D:8

Altars:
Ashenzari
Cheibriados
Dithmenos
Elyvilon
Fedhas
Gozag
Hepliaklqana
Kikubaaqudgha
Makhleb
Nemelex Xobeh
Okawaru
Qazlal
Ru
Sif Muna
Uskayaw
Vehumet
Wu Jian
Xom
Zin

Shops:
D:3 [


Innate Abilities, Weirdness & Mutations

You are very small and have problems with some larger weapons.
You are too small for most types of armour.
You have supernaturally acute eyesight. (SInv)
You cover ground extremely quickly. (Speed+++)


Message History

The centaur warrior shoots an arrow.
The arrow barely misses you.
You shoot an arrow.
The arrow hits the centaur warrior but does no damage.
The centaur warrior is heavily wounded.
The centaur warrior shoots an arrow.
The arrow hits you!!
You are too injured to fight recklessly!
You are too injured to fight recklessly!
You are too injured to fight recklessly!
You are too injured to fight recklessly!
You are too injured to fight recklessly!
You are too injured to fight recklessly!
You are too injured to fight recklessly!
You are too injured to fight recklessly!
You are too injured to fight recklessly!
You are too injured to fight recklessly!
You are too injured to fight recklessly!
You are too injured to fight recklessly!
You are too injured to fight recklessly!
You are too injured to fight recklessly!
You are too injured to fight recklessly!
You are too injured to fight recklessly!
You are too injured to fight recklessly!
You are too injured to fight recklessly!
You are too injured to fight recklessly!
Okay, then.
Okay, then.
Fire: 60 arrows
Press: ? - help, Q - select action, (/) - cycle Shift-Dir - straight line, f/p - centaur warrior
Aim: a centaur warrior, wielding a +0 shortbow and quivering arrows (heavily wounded, 75% to hit)
You shoot an arrow.
The arrow hits the centaur warrior but does no damage.
The centaur warrior is heavily wounded.
The centaur warrior shoots an arrow.
The arrow hits you!!
* * * LOW HITPOINT WARNING * * *
The centaur warrior shoots an arrow.
The arrow hits you.
* * * LOW HITPOINT WARNING * * *
There is a staircase to the Lair here.
A nearby plant withers and dies.
The centaur warrior shoots an arrow.
The arrow hits you!!
You die...

#........# ###.......##
##### ####..P..P....##
#.... #.......P.P....#
#.### #.#....P....P..##
#.#
#(....PcP.......#####.###
#.PP.P.####c.P.P.........
#...P.P#..'......####.###
#......#@.#...P..# #.# #
#...P..####....P.# #.###
##...P.......P..## #....
##.........P..## #####
#............# #####
##.....P..P..## #....
##..........'## #.##.
#........##...## #.##.
#.......##.....## #)##.


You could see a centaur warrior.

Vanquished Creatures
  Pikel (D:7)
  A hornet (D:8)
  Eustachio (D:4)
  Menkaure (D:4)
  A water moccasin (D:5)
  3 orc warriors
  2 ice beasts (D:7)
  2 sky beasts
  3 black bears
  An ogre (D:5)
  A necrophage (D:7)
  3 lemures (D:7)
  A kobold brigand (D:7)
  A bullfrog (D:6)
  6 scorpions
  3 wights (D:7)
  A jelly (D:7)
  2 centaur skeletons
  A bullfrog skeleton (D:5)
  2 iguanas
  2 orc wizards
  4 gnolls (D:4)
  2 howler monkey skeletons
  5 adders
  3 white imps
  2 ufetubi
  A worm (D:4)
  2 dart slugs
  10 orcs
  2 bats
  6 endoplasms
  5 giant cockroaches
  5 goblins
  7 hobgoblins
  14 jackals
  13 kobolds
  4 quokkas
  7 ball pythons
  3 frilled lizards
  3 rats (D:3)
137 creatures vanquished.

Vanquished Creatures (others)
  5 fungi (D:8)
  10 plants (D:8)
15 creatures vanquished.

Grand Total: 152 creatures vanquished

Notes
Turn   | Place    | Note
-------+----------+-------------------------------------------
     0 | D:1      | Mrcawl the Spriggan Hunter began the quest for the Orb.
     0 | D:1      | Reached XP level 1. HP: 10/10 MP: 2/2
   112 | D:1      | Reached skill level 5 in Bows
   147 | D:1      | Found a faded altar of an unknown god.
   220 | D:1      | Reached XP level 2. HP: 11/15 MP: 3/3
  1035 | D:2      | Reached XP level 3. HP: 18/18 MP: 4/4
  1131 | D:2      | Reached skill level 6 in Bows
  1671 | D:3      | Reached XP level 4. HP: 23/23 MP: 5/5
  1712 | D:3      | Found a broken altar of Ashenzari.
  1735 | D:3      | Found an ornate altar of the Wu Jian Council.
  1846 | D:3      | Found Abraoh's Armour Shop.
  2329 | D:4      | Reached skill level 7 in Bows
  2441 | D:4      | Found a staircase to the Ecumenical Temple.
  2451 | Temple   | Entered the Ecumenical Temple
  2585 | Temple   | Became a worshipper of Warmaster Okawaru
  2663 | D:4      | Reached XP level 5. HP: 26/26 MP: 6/6
  2891 | D:4      | Noticed Menkaure
  3214 | D:4      | Found a sacrificial altar of Ru.
  3278 | D:4      | Noticed Eustachio
  3362 | D:4      | Reached skill level 8 in Bows
  3400 | D:5      | Entered Level 5 of the Dungeon
  3745 | D:5      | Noticed a black bear
  3791 | D:5      | Killed a black bear
  3791 | D:5      | Reached * piety under Okawaru
  3792 | D:5      | Reached XP level 6. HP: 9/30 MP: 3/7
  4044 | D:5      | Reached skill level 1 in Invocations
  4110 | D:5      | Reached skill level 9 in Bows
  4160 | D:5      | Noticed a water moccasin
  4202 | D:5      | Killed a water moccasin
  4203 | D:5      | Reached XP level 7. HP: 16/35 MP: 6/8
  4641 | D:5      | Reached ** piety under Okawaru
  4757 | D:5      | Reached skill level 10 in Bows
  5355 | D:6      | Found a glowing silver altar of Zin.
  5444 | D:6      | Reached XP level 8. HP: 39/39 MP: 10/10
  5700 | D:6      | Found a snail-covered altar of Cheibriados.
  6000 | D:7      | Reached skill level 11 in Bows
  6011 | D:7      | Found a hazy altar of Hepliaklqana.
  6489 | D:7      | Found a stormy altar of Qazlal.
  6492 | D:7      | Noticed an air elemental
  6511 | D:7      | Noticed a +0 dagger
  6534 | D:7      | Found a shadowy altar of Dithmenos.
  6568 | D:7      | Reached *** piety under Okawaru
  6577 | D:7      | Noticed Pikel
  6600 | D:7      | Noticed a +0 dagger
  6606 | D:7      | Found a hide-covered altar of Uskayaw.
  6980 | D:7      | Killed Pikel
  6980 | D:7      | Received a gift from Okawaru
  6981 | D:7      | Reached skill level 12 in Bows
  7147 | D:7      | Reached skill level 1 in Evocations
  7198 | D:7      | Reached XP level 9. HP: 44/44 MP: 12/12
  7702 | D:4      | Killed Menkaure
  7832 | D:4      | Killed Eustachio
  7833 | D:4      | Reached skill level 13 in Bows
  8084 | D:8      | Paralysed by a hornet for 1 turns
  8086 | D:8      | Reached **** piety under Okawaru
  8086 | D:8      | Received a gift from Okawaru
  8571 | D:8      | Found a staircase to the Lair.
  8575 | D:8      | Noticed a centaur warrior
  9012 | D:8      | HP: 1/45 [centaur warrior/arrow (4)]
  9013 | D:8      | Shot with an arrow by a centaur warrior

Illustrated notes

Levels and vault maps discovered:
D:1:      amcnicky_arrival_underground_garden, layout_loops_ring,
          shapermc_ecumenical_altar_starsandcircs
D:2:      layout_loops_ring
D:3:      layout_loops_ring, mainiacjoe_overflow_large_starburst, serial_shops,
          shop
D:4:      layout_loops_ring, hangedman_ru_absence,
          minmay_temple_entry_overgrown, uniq_menkaure, uniq_eustachio
D:5:      layout_layer_cave, hellmonk_bongcloud_opening,
          kennysheep_generic_room_14
D:6:      layout_basic, kennysheep_mini, lemuel_crystal_altar,
          minmay_misc_feat_chi
D:7:      layout_loops_ring, dancing_weapons_uskayaw, old_standard_altar,
          nicolae_qazlal_style_of_elements, overflow_temple_1_default,
          uniq_pikel
D:8:      layout_loops_corners, grunt_lair_entry_orc_guard_hut,
          small_chamber_with_monster
Temple:   compressed_dpeg_circular_temple

Skill      XL: |  1  2  3  4  5  6  7  8  9 |
---------------+----------------------------+-----
Bows           | 5 6 7 8 9 10 12 13 | 13.9
Fighting       | 2 3 4 |  4.1
Invocations    | 1 2 3 4 |  4.3
Dodging        | 3 4 |  4.0
Stealth        | 2 |  2.4
Evocations     | 1 |  1.0

Action                   |  1- 3 |  4- 6 |  7- 9 || total
-------------------------+-------+-------+-------++-------
Melee: Short sword       |       |       |    13 ||    13
 Fire: Shortbow          |    99 |   153 |   328 ||   580
Evoke: Wand              |       |       |     6 ||     6
  Use: Scroll            |     7 |     1 |     2 ||    10
       Potion            |       |     2 |       ||     2
Armor: Robe              |     9 |     4 |     8 ||    21
Dodge: Dodged            |    26 |    24 |    50 ||   100

Table legend: (Time is in decaauts)
 A = Elapsed time spent in this place.
 B = Non-inter-level travel time spent in this place.
 C = Inter-level travel time spent in this place.
 D = Time resting spent in this place.
 E = Time spent auto-exploring this place.
 F = Levels seen in this place.
 G = Mean time per level.
                   A        B        C        D        E       F      G
               +--------+--------+--------+--------+--------+-----+--------+
         Total |   6529 |   6263 |    266 |    816 |   4331 |   9 |  725.4 |
       Dungeon |   6438 |   6181 |    257 |    816 |   4270 |   8 |  804.8 |
        Temple |     91 |     82 |      9 |      0 |     60 |   1 |   91.0 |
               +--------+--------+--------+--------+--------+-----+--------+

Top non-repeatable levels by time:
     D:5: 1203 daAuts
     D:7: 1185 daAuts
     D:4: 1003 daAuts
     D:8: 870 daAuts
     D:6: 693 daAuts
     D:1: 576 daAuts
     D:2: 495 daAuts
     D:3: 412 daAuts
  Temple: 91 daAuts
